Islanders vs Wild

Created - 17 décembre 2023 at 16:13

Goals
1 2 3 T
Islanders 1 1 1 3
Wild 2 3 2 7
Shots
1 2 3 T
Islanders 6 11 10 27
Wild 11 10 12 33

GoalsPenalties
1st period
1. Islanders , Milan Lucic 4 (Nicklas Backstrom 5) at 10:14
2. Wild , Moritz Seider 6 (Sidney Crosby 23, Mikko Rantanen 25) at 14:48
3. Wild , Clayton Keller 23 (Tomas Hertl 14) at 17:54 (PP)
Moritz Seider (MIN) for Hooking (Minor) at 2:41
Robert Bortuzzo (NYI) for Tripping (Minor) at 17:51
2nd period
4. Islanders , Robert Bortuzzo 3 (Milan Lucic 9, Nicklas Backstrom 6) at 3:35
5. Wild , Alex Killorn 12 (Mikko Rantanen 26, Sidney Crosby 24) at 3:53
6. Wild , Sidney Crosby 24 (Derek Forbort 3) at 11:17
7. Wild , Clayton Keller 24 (Artemi Panarin 25, Tomas Hertl 15) at 14:43 (PP)
Erik Johnson (MIN) for Fighting (Major) at 2:41
Kyle Burroughs (NYI) for Fighting (Major) at 2:41
Christian Wolanin (NYI) for Roughing (Minor) at 3:58
Will Butcher (NYI) for Hooking (Minor) at 12:51
Will Butcher (NYI) for Holding (Minor) at 17:01
3rd period
8. Wild , Tomas Hertl 9 (Artemi Panarin 26, Clayton Keller 27) at 8:31
9. Wild , Phillip Danault 8 (Logan O'Connor 8) at 16:31
10. Islanders , Brock McGinn 13 (Nicklas Backstrom 7) at 18:24 (PP)
Brady Skjei (MIN) for Hooking (Minor) at 1:49
Filip Zadina (NYI) for Hooking (Minor) at 4:36
Derek Forbort (MIN) for Fighting (Major) at 9:18
Kyle Burroughs (NYI) for Fighting (Major) at 9:18
Derek Forbort (MIN) for instigated a fight (Minor) at 9:18
Derek Forbort (MIN) for instigated a fight (10 Minutes Misconduct) at 9:18
Brady Skjei (MIN) for Roughing (Minor) at 14:06
Moritz Seider (MIN) for Holding (Minor) at 18:08
Goalie Stats
Chris Driedger (NYI), 26 saves from 33 shots - (0,788), L, 2-16-0, 60:00 minutes
Jeremy Swayman (MIN), 24 saves from 27 shots - (0,889), W, 22-13-1, 60:00 minutes
3 StarsOfficial
1 - Sidney Crosby (MIN)
2 - Clayton Keller (MIN)
3 - Alex Killorn (MIN)
Referees : Trey Pecina and Anna Wiegand
Linesman : Caleb Apperson and Ryan Gibbons
Game Note
Erik Johnson and Kyle Burroughs fight to a draw at 2:41 of 2nd period
Kyle Burroughs beats up Derek Forbort at 9:18 of 3rd period
Finance
Level 1 -- Attendance: 4911 (82%) -- Ticket Income $491,100
Level 2 -- Attendance: 4205 (84%) -- Ticket Income $252,300
Level 3 -- Attendance: 2064 (100%) -- Ticket Income $72,240
Level 4 -- Attendance: 3192 (80%) -- Ticket Income $63,840
Luxury Box -- Attendance: 949 (95%) -- Ticket Income $189,800
Game was played at the Xcel Energy Center.
Total Attendance: 15321 (85%)
Total Ticket Income: $1,069,280
Other Income: $320,784
Total Income: $1,390,064



Team Name Goals Shots Shots Attemp Shots Blocked PIM HIT PP PK FO%
Islanders 327481020201 / 5 (20%)240%
Wild 73361930152 / 5 (40%)160%

Islanders
Player Name POS G A P +/- PIM HIT SHT SB MP PP MP PP SHT PK MP PK SHT FO% FOT GA TA
Brock McGinnLW/RW101-2024024:014:3534:2500% 010
Caleb JonesD000-2002429:124:4404:5800% 011
Christian WolaninD0000220012:480:0000:0000% 000
Dylan CoghlanD000-2020015:200:0002:5400% 001
Filip ZadinaLW/RW000-2201010:580:0100:0000% 210
Jakub VoracekLW/RW0001001115:313:3600:4000% 000
Josh ArchibaldLW/RW0000020111:083:2800:0000% 010
Josh BaileyLW/RW000-2012123:574:3504:25037% 3512
Kyle BurroughsD000-11020114:352:2401:5400% 000
Milan LucicLW/RW1121047018:043:3612:4700% 100
Nicklas BackstromC0331010016:274:3500:40046% 1300
Ondrej KaseRW000000106:200:0000:0000% 010
Rasmus AsplundC/LW000-2011010:550:0100:00050% 600
Rasmus KupariC/LW/RW0000011013:163:3602:47060% 500
Robert BortuzzoD101-1201024:420:3904:5800% 001
Simon HolmstromRW000-2000010:550:0100:0000% 000
Sonny MilanoLW/RW000-2026119:414:4400:00033% 300
Will ButcherD0000400114:110:2501:0000% 002
Wild
Player Name POS G A P +/- PIM HIT SHT SB MP PP MP PP SHT PK MP PK SHT FO% FOT GA TA
Alex KillornLW/RW1013024324:474:3404:3120% 010
Alexander BarabanovLW/RW000001105:430:0000:0000% 010
Artemi PanarinLW0220001017:473:1802:2200% 000
Brady SkjeiD0002410020:053:0901:3500% 002
Clayton KellerLW/RW2130005015:253:1820:0000% 030
Derek ForbortD01101700017:563:3001:5700% 000
Eric RobinsonLW0000010010:120:0000:0000% 000
Erik JohnsonD0002521125:493:2514:1900% 002
Jake BeanD0000000114:130:0001:5100% 000
Jakub VranaLW000000007:050:0001:1000% 100
Logan O'ConnorLW/RW0110021110:120:0000:0000% 000
Mikko RantanenC/RW0223014025:024:3414:46060% 511
Moritz SeiderD1013416326:524:4312:5900% 011
Nic DowdC000001005:430:0000:00050% 200
Phillip DanaultC1010012010:120:0000:00050% 400
Sebastien AhoD000-1012015:110:5703:4300% 000
Sidney CrosbyC1233014022:454:3412:25062% 3900
Tomas HertlC1230002017:483:1802:15064% 1400

Islanders

5 vs 5 Forward
Line #Left WingCenterRight WingPHYDFOFWanted %Time %Time Play
1Sonny MilanoJosh BaileyBrock McGinn1224035%15:25
2Jakub VoracekNicklas BackstromMilan Lucic0233027%11:41
3Josh ArchibaldRasmus KupariOndrej Kase2212014%6:20
4Simon HolmstromRasmus AsplundFilip Zadina0231024%10:30
5 vs 5 Defense
Line #DefenseDefensePHYDFOFWanted %Time %Time Play
1Robert BortuzzoCaleb Jones2304039%17:00
2Kyle BurroughsDylan Coghlan2303033%14:32
3Will ButcherChristian Wolanin2302527%11:46
4Robert BortuzzoCaleb Jones32051%0:38
Power Play Forward
Line #Left WingCenterRight WingPHYDFOFWanted %Time %Time Play
1Josh BaileyNicklas BackstromBrock McGinn0056056%4:36
2Jakub VoracekRasmus KupariMilan Lucic0054044%3:36
Power Play Defense
Line #DefenseDefensePHYDFOFWanted %Time %Time Play
1Sonny MilanoCaleb Jones0056058%4:44
2Josh ArchibaldKyle Burroughs0054042%3:28
Penalty Kill 4 Players Forward
Line #CenterWingPHYDFOFWanted %Time %Time Play
1Josh BaileyBrock McGinn0505565%5:05
2Rasmus KupariMilan Lucic0504535%2:47
Penalty Kill 4 Players Defense
Line #DefenseDefensePHYDFOFWanted %Time %Time Play
1Robert BortuzzoCaleb Jones0505563%4:58
2Kyle BurroughsDylan Coghlan0504537%2:54
Penalty Kill 3 Players
Line #WingPHYDFOFWanted %Time %Time PlayDefenseDefensePHYDFOFWanted %Time %Time Play
1Brock McGinn050500%0:00 Robert BortuzzoCaleb Jones050500%0:00
2Rasmus Kupari050500%0:00 Kyle BurroughsDylan Coghlan050500%0:00
4 vs 4 Forward
Line #CenterWingPHYDFOFWanted %Time %Time Play
1Nicklas BackstromJosh Bailey131650%0:00
2Rasmus KupariBrock McGinn221350%0:00
4 vs 4 Defense
Line #DefensePHYDFOFWanted %Time %Time Play
1Robert BortuzzoCaleb Jones230650%0:00
2Kyle BurroughsDylan Coghlan140350%0:00
Last Minutes Offensive
Left WingCenterRight WingDefenseDefense
Josh BaileyNicklas BackstromBrock McGinnSonny MilanoCaleb Jones
Last Minutes Defensive
Left WingCenterRight WingDefenseDefense
Josh BaileyRasmus KupariBrock McGinnRobert BortuzzoCaleb Jones
Time
Total ForwardTotal DefenseLast Minutes OffensiveLast Minutes Defensive
60:00 60:00 0:000:00
Extra Forwards
Normal PowerPlayPenalty Kill
Filip Zadina, Rasmus Kupari, Josh BaileyFilip Zadina, Sonny MilanoMilan Lucic
Extra Defensemen
Normal PowerPlayPenalty Kill
Kyle Burroughs, Caleb Jones, Robert BortuzzoRobert Bortuzzo, Kyle BurroughsCaleb Jones
Penalty Shots
Josh Bailey, Sonny Milano, Brock McGinn, Caleb Jones, Filip Zadina
Goalie
Chris Driedger, Mike Smith
Scratches
Carl Hagelin (Healthy), Nicolas Meloche (Healthy), Rocco Grimaldi (Healthy)

Wild

5 vs 5 Forward
Line #Left WingCenterRight WingPHYDFOFWanted %Time %Time Play
1Alex KillornSidney CrosbyMikko Rantanen0234136%15:54
2Artemi PanarinTomas HertlClayton Keller0233128%12:07
3Eric RobinsonPhillip DanaultLogan O'Connor0232023%10:12
4Jakub VranaNic DowdAlexander Barabanov023813%5:43
5 vs 5 Defense
Line #DefenseDefensePHYDFOFWanted %Time %Time Play
1Moritz SeiderErik Johnson1224241%18:02
2Derek ForbortBrady Skjei1223536%15:54
3Jake BeanSebastien Aho1222323%10:00
4Moritz SeiderErik Johnson04100%0:00
Power Play Forward
Line #Left WingCenterRight WingPHYDFOFWanted %Time %Time Play
1Alex KillornSidney CrosbyMikko Rantanen0057058%4:34
2Artemi PanarinTomas HertlClayton Keller0143042%3:18
Power Play Defense
Line #DefenseDefensePHYDFOFWanted %Time %Time Play
1Moritz SeiderErik Johnson0146560%4:43
2Derek ForbortBrady Skjei0233540%3:09
Penalty Kill 4 Players Forward
Line #CenterWingPHYDFOFWanted %Time %Time Play
1Mikko RantanenAlex Killorn1406071%5:50
2Sidney CrosbyArtemi Panarin1404029%2:22
Penalty Kill 4 Players Defense
Line #DefenseDefensePHYDFOFWanted %Time %Time Play
1Moritz SeiderErik Johnson1406051%4:12
2Derek ForbortBrady Skjei1404049%4:00
Penalty Kill 3 Players
Line #WingPHYDFOFWanted %Time %Time PlayDefenseDefensePHYDFOFWanted %Time %Time Play
1Mikko Rantanen140600%0:00 Moritz SeiderErik Johnson140600%0:00
2Sidney Crosby140400%0:00 Derek ForbortBrady Skjei140400%0:00
4 vs 4 Forward
Line #CenterWingPHYDFOFWanted %Time %Time Play
1Mikko RantanenAlex Killorn122650%0:00
2Sidney CrosbyArtemi Panarin122350%0:00
4 vs 4 Defense
Line #DefensePHYDFOFWanted %Time %Time Play
1Moritz SeiderErik Johnson122600%0:00
2Derek ForbortBrady Skjei122400%0:00
Last Minutes Offensive
Left WingCenterRight WingDefenseDefense
Alex KillornSidney CrosbyMikko RantanenBrady SkjeiErik Johnson
Last Minutes Defensive
Left WingCenterRight WingDefenseDefense
Alex KillornSidney CrosbyMikko RantanenBrady SkjeiErik Johnson
Time
Total ForwardTotal DefenseLast Minutes OffensiveLast Minutes Defensive
60:00 60:00 0:000:00
Extra Forwards
Normal PowerPlayPenalty Kill
Tomas Hertl, Artemi Panarin, Phillip DanaultTomas Hertl, Artemi PanarinTomas Hertl
Extra Defensemen
Normal PowerPlayPenalty Kill
Moritz Seider, Brady Skjei, Erik JohnsonSebastien Aho, Sebastien AhoJake Bean
Penalty Shots
Mikko Rantanen, Sidney Crosby, Clayton Keller, Alex Killorn, Tomas Hertl
Goalie
Jeremy Swayman, Casey DeSmith
Scratches
Nils Lundkvist (Healthy)


Play-by-Play

1st period


0:01 of 1st period - Sidney Crosby wins face-off versus Josh Bailey in neutral zone.
0:06 of 1st period - Snap shot by Mikko Rantanen.
0:06 of 1st period - Shot Misses the Net.
1:29 of 1st period - Icing by Kyle Burroughs.
1:30 of 1st period - Josh Bailey wins face-off versus Sidney Crosby in Islanders zone.
1:30 of 1st period - Josh Bailey is hit by Alex Killorn.
2:17 of 1st period - Off-side.
2:18 of 1st period - Phillip Danault wins face-off versus Filip Zadina in neutral zone.
2:33 of 1st period - Snap shot by Rasmus Asplund.
2:33 of 1st period - Shot Blocked by Logan O'Connor.
2:35 of 1st period - Slapshot by Caleb Jones.
2:35 of 1st period - Stopped by Jeremy Swayman with a rebound.
2:41 of 1st period - Minor Penalty to Moritz Seider for Hooking.
2:42 of 1st period - Nicklas Backstrom wins face-off versus Mikko Rantanen in Wild zone.
2:55 of 1st period - Sebastien Aho is hit by Sonny Milano and loses puck.
3:10 of 1st period - Slapshot by Milan Lucic.
3:10 of 1st period - Stopped by Jeremy Swayman without a rebound.
3:11 of 1st period - Sidney Crosby wins face-off versus Milan Lucic in Wild zone.
3:28 of 1st period - Wrist shot by Milan Lucic.
3:28 of 1st period - Shot Misses the Net.
4:41 of 1st period - Penalty to Moritz Seider is over, Moritz Seider is back on ice.
4:50 of 1st period - Moritz Seider is hit by Kyle Burroughs.
5:00 of 1st period - Wrist shot by Eric Robinson.
5:00 of 1st period - Shot Blocked by Josh Archibald.
5:23 of 1st period - Caleb Jones is hit by Alexander Barabanov and loses puck.
5:28 of 1st period - Wrist shot by Alexander Barabanov.
5:28 of 1st period - Shot Misses the Net.
5:30 of 1st period - Snap shot by Derek Forbort.
5:30 of 1st period - Shot Misses the Net.
5:40 of 1st period - Caleb Jones is hit by Erik Johnson and loses puck.
6:35 of 1st period - Sidney Crosby is hit by Rasmus Kupari.
6:56 of 1st period - Snap shot by Milan Lucic.
6:56 of 1st period - Shot Misses the Net.
7:43 of 1st period - Nicklas Backstrom is hit by Logan O'Connor and loses puck.
8:11 of 1st period - Dylan Coghlan is hit by Sebastien Aho and loses puck.
8:46 of 1st period - Slapshot by Moritz Seider.
8:46 of 1st period - Stopped by Chris Driedger with a rebound.
9:14 of 1st period - Artemi Panarin is hit by Josh Bailey and loses puck.
9:34 of 1st period - Alex Killorn is hit by Christian Wolanin and loses puck.
10:14 of 1st period - Snap shot by Milan Lucic.
10:14 of 1st period - Goal by Milan Lucic - Islanders : 1 - Wild : 0.
10:15 of 1st period - Sonny Milano wins face-off versus Sidney Crosby in neutral zone.
10:24 of 1st period - Snap shot by Sonny Milano.
10:24 of 1st period - Shot Misses the Net.
10:29 of 1st period - Icing by Brady Skjei.
10:30 of 1st period - Sidney Crosby wins face-off versus Josh Bailey in Wild zone.
10:43 of 1st period - Brady Skjei is hit by Brock McGinn and loses puck.
11:04 of 1st period - Snap shot by Clayton Keller.
11:04 of 1st period - Stopped by Chris Driedger with a rebound.
11:06 of 1st period - Wrist shot by Tomas Hertl.
11:06 of 1st period - Stopped by Chris Driedger without a rebound.
11:07 of 1st period - Rasmus Kupari wins face-off versus Tomas Hertl in Islanders zone.
11:16 of 1st period - Slapshot by Clayton Keller.
11:16 of 1st period - Shot Misses the Net.
11:24 of 1st period - Snap shot by Rasmus Kupari.
11:24 of 1st period - Stopped by Jeremy Swayman without a rebound.
11:25 of 1st period - Josh Bailey wins face-off versus Sidney Crosby in Wild zone.
11:52 of 1st period - Derek Forbort is hit by Nicklas Backstrom.
12:38 of 1st period - Slapshot by Mikko Rantanen.
12:38 of 1st period - Stopped by Chris Driedger with a rebound.
13:23 of 1st period - Wrist shot by Clayton Keller.
13:23 of 1st period - Shot Blocked by Jakub Voracek.
14:08 of 1st period - Slapshot by Mikko Rantanen.
14:08 of 1st period - Shot Misses the Net.
14:22 of 1st period - Snap shot by Brock McGinn.
14:22 of 1st period - Shot Blocked by Jake Bean.
14:26 of 1st period - Snap shot by Sonny Milano.
14:26 of 1st period - Stopped by Jeremy Swayman without a rebound.
14:27 of 1st period - Sidney Crosby wins face-off versus Josh Bailey in Wild zone.
14:32 of 1st period - Backhand shot by Sidney Crosby.
14:32 of 1st period - Deflect By Josh Bailey.
14:32 of 1st period - Shot Blocked by Caleb Jones.
14:32 of 1st period - Puck is out of play.
14:33 of 1st period - Josh Bailey wins face-off versus Sidney Crosby in Islanders zone.
14:48 of 1st period - Snap shot by Moritz Seider.
14:48 of 1st period - Goal by Moritz Seider - Islanders : 1 - Wild : 1.
14:49 of 1st period - Sidney Crosby wins face-off versus Josh Bailey in neutral zone.
14:52 of 1st period - Slapshot by Moritz Seider.
14:52 of 1st period - Stopped by Chris Driedger with a rebound.
14:54 of 1st period - Wrist shot by Moritz Seider.
14:54 of 1st period - Stopped by Chris Driedger without a rebound.
14:55 of 1st period - Sidney Crosby wins face-off versus Josh Bailey in Islanders zone.
14:56 of 1st period - Snap shot by Mikko Rantanen.
14:56 of 1st period - Shot Misses the Net.
14:58 of 1st period - Slapshot by Mikko Rantanen.
14:58 of 1st period - Shot Blocked by Will Butcher.
15:00 of 1st period - Snap shot by Mikko Rantanen.
15:00 of 1st period - Stopped by Chris Driedger with a rebound.
15:02 of 1st period - Slapshot by Sidney Crosby.
15:02 of 1st period - Shot Misses the Net.
16:08 of 1st period - Wrist shot by Alex Killorn.
16:08 of 1st period - Stopped by Chris Driedger without a rebound.
16:09 of 1st period - Rasmus Asplund wins face-off versus Sidney Crosby in Islanders zone.
17:30 of 1st period - Snap shot by Rasmus Asplund.
17:30 of 1st period - Shot Misses the Net.
17:32 of 1st period - Snap shot by Caleb Jones.
17:32 of 1st period - Shot Misses the Net.
17:34 of 1st period - Wrist shot by Caleb Jones.
17:34 of 1st period - Shot Misses the Net.
17:36 of 1st period - Slapshot by Caleb Jones.
17:36 of 1st period - Shot Misses the Net.
17:51 of 1st period - Minor Penalty to Robert Bortuzzo for Tripping.
17:52 of 1st period - Tomas Hertl wins face-off versus Josh Bailey in Islanders zone.
17:54 of 1st period - Wrist shot by Clayton Keller.
17:54 of 1st period - Goal by Clayton Keller - Islanders : 1 - Wild : 2.
17:55 of 1st period - Tomas Hertl wins face-off versus Josh Bailey in neutral zone.
19:18 of 1st period - Wrist shot by Milan Lucic.
19:18 of 1st period - Stopped by Jeremy Swayman without a rebound.
19:19 of 1st period - Josh Bailey wins face-off versus Jakub Vrana in Wild zone.
19:30 of 1st period - Backhand shot by Moritz Seider.
19:30 of 1st period - Deflect By Alexander Barabanov.
19:30 of 1st period - Stopped by Chris Driedger without a rebound.
19:31 of 1st period - Sidney Crosby wins face-off versus Sonny Milano in Islanders zone.
19:46 of 1st period - Wrist shot by Brock McGinn.
19:46 of 1st period - Shot Blocked by Alex Killorn.
19:48 of 1st period - Wrist shot by Sonny Milano.
19:48 of 1st period - Shot Blocked by Alex Killorn.
Goals for this period are 1 for Islanders vs 2 for Wild.
Shots for this period are 6 for Islanders vs 11 for Wild.

2nd period


0:01 of 2nd period - Tomas Hertl wins face-off versus Josh Bailey in neutral zone.
0:07 of 2nd period - Icing by Robert Bortuzzo.
0:08 of 2nd period - Tomas Hertl wins face-off versus Josh Bailey in Islanders zone.
1:10 of 2nd period - Off-side.
1:11 of 2nd period - Sidney Crosby wins face-off versus Nicklas Backstrom in neutral zone.
2:10 of 2nd period - Wrist shot by Filip Zadina.
2:10 of 2nd period - Stopped by Jeremy Swayman without a rebound.
2:11 of 2nd period - Nicklas Backstrom wins face-off versus Sidney Crosby in Wild zone.
2:22 of 2nd period - Slapshot by Milan Lucic.
2:22 of 2nd period - Shot Misses the Net.
2:24 of 2nd period - Snap shot by Jakub Voracek.
2:24 of 2nd period - Stopped by Jeremy Swayman without a rebound.
2:25 of 2nd period - Josh Bailey wins face-off versus Sidney Crosby in Wild zone.
2:41 of 2nd period - Erik Johnson and Kyle Burroughs fight to a draw.
2:41 of 2nd period - Penalty to Erik Johnson for Fighting.
2:41 of 2nd period - Penalty to Kyle Burroughs for Fighting.
2:42 of 2nd period - Josh Bailey wins face-off versus Sidney Crosby in Islanders zone.
2:42 of 2nd period - Josh Bailey is hit by Mikko Rantanen.
3:15 of 2nd period - Icing by Caleb Jones.
3:16 of 2nd period - Nicklas Backstrom wins face-off versus Tomas Hertl in Islanders zone.
3:33 of 2nd period - Snap shot by Milan Lucic.
3:33 of 2nd period - Stopped by Jeremy Swayman with a rebound.
3:35 of 2nd period - Slapshot by Robert Bortuzzo.
3:35 of 2nd period - Goal by Robert Bortuzzo - Islanders : 2 - Wild : 2.
3:36 of 2nd period - Sidney Crosby wins face-off versus Sonny Milano in neutral zone.
3:53 of 2nd period - Slapshot by Alex Killorn.
3:53 of 2nd period - Goal by Alex Killorn - Islanders : 2 - Wild : 3.
3:54 of 2nd period - Sidney Crosby wins face-off versus Josh Bailey in neutral zone.
3:58 of 2nd period - Minor Penalty to Christian Wolanin for Roughing.
3:59 of 2nd period - Sidney Crosby wins face-off versus Josh Bailey in Islanders zone.
4:57 of 2nd period - Rasmus Kupari is hit by Sidney Crosby and loses puck.
5:58 of 2nd period - Penalty to Christian Wolanin is over, Christian Wolanin is back on ice.
6:07 of 2nd period - Logan O'Connor is hit by Christian Wolanin and loses puck.
6:37 of 2nd period - Nicklas Backstrom is hit by Nic Dowd and loses puck.
6:59 of 2nd period - Slapshot by Milan Lucic.
6:59 of 2nd period - Shot Misses the Net.
7:01 of 2nd period - Wrist shot by Milan Lucic.
7:01 of 2nd period - Stopped by Jeremy Swayman without a rebound.
7:02 of 2nd period - Josh Bailey wins face-off versus Phillip Danault in Wild zone.
9:31 of 2nd period - Dylan Coghlan is hit by Brady Skjei and loses puck.
9:44 of 2nd period - Snap shot by Clayton Keller.
9:44 of 2nd period - Stopped by Chris Driedger with a rebound.
9:46 of 2nd period - Snap shot by Tomas Hertl.
9:46 of 2nd period - Shot Misses the Net.
9:48 of 2nd period - Backhand shot by Sebastien Aho.
9:48 of 2nd period - Stopped by Chris Driedger without a rebound.
9:49 of 2nd period - Rasmus Kupari wins face-off versus Tomas Hertl in Islanders zone.
10:04 of 2nd period - Slapshot by Ondrej Kase.
10:04 of 2nd period - Stopped by Jeremy Swayman with a rebound.
10:17 of 2nd period - Off-side.
10:18 of 2nd period - Josh Bailey wins face-off versus Sidney Crosby in neutral zone.
10:23 of 2nd period - Snap shot by Sonny Milano.
10:23 of 2nd period - Stopped by Jeremy Swayman without a rebound.
10:24 of 2nd period - Sidney Crosby wins face-off versus Josh Bailey in Wild zone.
10:31 of 2nd period - Slapshot by Moritz Seider.
10:31 of 2nd period - Stopped by Chris Driedger with a rebound.
10:49 of 2nd period - Icing by Mikko Rantanen.
10:50 of 2nd period - Sidney Crosby wins face-off versus Nicklas Backstrom in Wild zone.
10:59 of 2nd period - Slapshot by Clayton Keller.
10:59 of 2nd period - Shot Misses the Net.
11:07 of 2nd period - Snap shot by Clayton Keller.
11:07 of 2nd period - Shot Misses the Net.
11:17 of 2nd period - Snap shot by Sidney Crosby.
11:17 of 2nd period - Goal by Sidney Crosby - Islanders : 2 - Wild : 4.
11:18 of 2nd period - Josh Bailey wins face-off versus Sidney Crosby in neutral zone.
11:23 of 2nd period - Wrist shot by Brock McGinn.
11:23 of 2nd period - Stopped by Jeremy Swayman with a rebound.
11:33 of 2nd period - Wrist shot by Sidney Crosby.
11:33 of 2nd period - Shot Blocked by Josh Bailey.
11:35 of 2nd period - Snap shot by Sidney Crosby.
11:35 of 2nd period - Shot Misses the Net.
11:45 of 2nd period - Sonny Milano is hit by Phillip Danault.
12:03 of 2nd period - Wrist shot by Sonny Milano.
12:03 of 2nd period - Deflect By Josh Bailey.
12:03 of 2nd period - Stopped by Jeremy Swayman with a rebound.
12:05 of 2nd period - Snap shot by Sonny Milano.
12:05 of 2nd period - Stopped by Jeremy Swayman with a rebound.
12:07 of 2nd period - Slapshot by Caleb Jones.
12:07 of 2nd period - Stopped by Jeremy Swayman with a rebound.
12:20 of 2nd period - Off-side.
12:21 of 2nd period - Nicklas Backstrom wins face-off versus Sidney Crosby in neutral zone.
12:51 of 2nd period - Minor Penalty to Will Butcher for Hooking.
12:52 of 2nd period - Sidney Crosby wins face-off versus Josh Bailey in Islanders zone.
12:52 of 2nd period - Wrist shot by Mikko Rantanen.
12:52 of 2nd period - Stopped by Chris Driedger with a rebound.
12:54 of 2nd period - Snap shot by Alex Killorn.
12:54 of 2nd period - Shot Blocked by Caleb Jones.
12:56 of 2nd period - Backhand shot by Sidney Crosby.
12:56 of 2nd period - Shot Blocked by Caleb Jones.
12:58 of 2nd period - Slapshot by Erik Johnson.
12:58 of 2nd period - Stopped by Chris Driedger without a rebound.
12:59 of 2nd period - Sidney Crosby wins face-off versus Josh Bailey in Islanders zone.
13:50 of 2nd period - Snap shot by Mikko Rantanen.
13:50 of 2nd period - Deflect By Sidney Crosby.
13:50 of 2nd period - Stopped by Chris Driedger with a rebound.
13:52 of 2nd period - Slapshot by Moritz Seider.
13:52 of 2nd period - Deflect By Dylan Coghlan.
13:52 of 2nd period - Stopped by Chris Driedger with a rebound.
13:54 of 2nd period - Snap shot by Alex Killorn.
13:54 of 2nd period - Deflect By Sidney Crosby.
13:54 of 2nd period - Shot Blocked by Kyle Burroughs.
13:54 of 2nd period - Puck is out of play.
13:55 of 2nd period - Tomas Hertl wins face-off versus Rasmus Kupari in Islanders zone.
14:00 of 2nd period - Snap shot by Clayton Keller.
14:00 of 2nd period - Deflect By Artemi Panarin.
14:00 of 2nd period - Shot Misses the Net.
14:00 of 2nd period - Puck is out of play.
14:01 of 2nd period - Rasmus Kupari wins face-off versus Tomas Hertl in Islanders zone.
14:43 of 2nd period - Snap shot by Clayton Keller.
14:43 of 2nd period - Goal by Clayton Keller - Islanders : 2 - Wild : 5.
14:44 of 2nd period - Sidney Crosby wins face-off versus Josh Bailey in neutral zone.
16:22 of 2nd period - Snap shot by Nicklas Backstrom.
16:22 of 2nd period - Shot Misses the Net.
16:36 of 2nd period - Snap shot by Clayton Keller.
16:36 of 2nd period - Shot Misses the Net.
17:01 of 2nd period - Minor Penalty to Will Butcher for Holding.
17:02 of 2nd period - Sidney Crosby wins face-off versus Josh Bailey in Islanders zone.
19:01 of 2nd period - Penalty to Will Butcher is over, Will Butcher is back on ice.
19:07 of 2nd period - Will Butcher is hit by Logan O'Connor and loses puck.
Goals for this period are 1 for Islanders vs 3 for Wild.
Shots for this period are 11 for Islanders vs 10 for Wild.

3rd period


0:01 of 3rd period - Josh Bailey wins face-off versus Sidney Crosby in neutral zone.
0:04 of 3rd period - Sidney Crosby is hit by Brock McGinn and loses puck.
0:09 of 3rd period - Snap shot by Sonny Milano.
0:09 of 3rd period - Stopped by Jeremy Swayman without a rebound.
0:10 of 3rd period - Josh Bailey wins face-off versus Sidney Crosby in Wild zone.
0:11 of 3rd period - Snap shot by Brock McGinn.
0:11 of 3rd period - Shot Blocked by Moritz Seider.
0:17 of 3rd period - Wrist shot by Josh Bailey.
0:17 of 3rd period - Stopped by Jeremy Swayman with a rebound.
0:19 of 3rd period - Snap shot by Brock McGinn.
0:19 of 3rd period - Shot Misses the Net.
0:35 of 3rd period - Wrist shot by Sonny Milano.
0:35 of 3rd period - Shot Blocked by Erik Johnson.
1:02 of 3rd period - Snap shot by Josh Bailey.
1:02 of 3rd period - Shot Blocked by Moritz Seider.
1:14 of 3rd period - Wrist shot by Sonny Milano.
1:14 of 3rd period - Stopped by Jeremy Swayman without a rebound.
1:15 of 3rd period - Tomas Hertl wins face-off versus Nicklas Backstrom in Wild zone.
1:15 of 3rd period - Tomas Hertl is hit by Milan Lucic.
1:23 of 3rd period - Snap shot by Milan Lucic.
1:23 of 3rd period - Stopped by Jeremy Swayman with a rebound.
1:25 of 3rd period - Snap shot by Milan Lucic.
1:25 of 3rd period - Stopped by Jeremy Swayman without a rebound.
1:26 of 3rd period - Nicklas Backstrom wins face-off versus Tomas Hertl in Wild zone.
1:49 of 3rd period - Minor Penalty to Brady Skjei for Hooking.
1:50 of 3rd period - Mikko Rantanen wins face-off versus Nicklas Backstrom in Wild zone.
2:51 of 3rd period - Sebastien Aho is hit by Milan Lucic and loses puck.
3:49 of 3rd period - Penalty to Brady Skjei is over, Brady Skjei is back on ice.
4:18 of 3rd period - Josh Archibald is hit by Moritz Seider and loses puck.
4:25 of 3rd period - Snap shot by Clayton Keller.
4:25 of 3rd period - Stopped by Chris Driedger without a rebound.
4:26 of 3rd period - Nic Dowd wins face-off versus Rasmus Asplund in Islanders zone.
4:36 of 3rd period - Minor Penalty to Filip Zadina for Hooking.
4:37 of 3rd period - Sidney Crosby wins face-off versus Josh Bailey in Islanders zone.
4:49 of 3rd period - Off-side.
4:50 of 3rd period - Josh Bailey wins face-off versus Sidney Crosby in neutral zone.
5:27 of 3rd period - Slapshot by Clayton Keller.
5:27 of 3rd period - Shot Misses the Net.
6:36 of 3rd period - Penalty to Filip Zadina is over, Filip Zadina is back on ice.
6:49 of 3rd period - Snap shot by Rasmus Asplund.
6:49 of 3rd period - Stopped by Jeremy Swayman without a rebound.
6:50 of 3rd period - Rasmus Asplund wins face-off versus Phillip Danault in Wild zone.
7:05 of 3rd period - Snap shot by Eric Robinson.
7:05 of 3rd period - Shot Misses the Net.
7:07 of 3rd period - Backhand shot by Sebastien Aho.
7:07 of 3rd period - Deflect By Simon Holmstrom.
7:07 of 3rd period - Stopped by Chris Driedger without a rebound.
7:08 of 3rd period - Sidney Crosby wins face-off versus Josh Bailey in Islanders zone.
7:13 of 3rd period - Wrist shot by Sidney Crosby.
7:13 of 3rd period - Deflect By Sonny Milano.
7:13 of 3rd period - Stopped by Chris Driedger with a rebound.
7:23 of 3rd period - Wrist shot by Sidney Crosby.
7:23 of 3rd period - Shot Misses the Net.
7:59 of 3rd period - Icing by Tomas Hertl.
8:00 of 3rd period - Tomas Hertl wins face-off versus Rasmus Asplund in Wild zone.
8:00 of 3rd period - Tomas Hertl is hit by Kyle Burroughs.
8:14 of 3rd period - Tomas Hertl is hit by Dylan Coghlan and loses puck.
8:29 of 3rd period - Snap shot by Artemi Panarin.
8:29 of 3rd period - Stopped by Chris Driedger with a rebound.
8:31 of 3rd period - Snap shot by Tomas Hertl.
8:31 of 3rd period - Goal by Tomas Hertl - Islanders : 2 - Wild : 6.
8:32 of 3rd period - Sidney Crosby wins face-off versus Josh Bailey in neutral zone.
9:18 of 3rd period - Kyle Burroughs beats up Derek Forbort.
9:18 of 3rd period - Penalty to Derek Forbort for Fighting.
9:18 of 3rd period - Penalty to Kyle Burroughs for Fighting.
9:18 of 3rd period - Penalty to Derek Forbort for instigated a fight.
9:18 of 3rd period - Penalty to Derek Forbort for instigated a fight.
9:19 of 3rd period - Nicklas Backstrom wins face-off versus Mikko Rantanen in Islanders zone.
9:19 of 3rd period - Nicklas Backstrom is hit by Alex Killorn.
9:29 of 3rd period - Slapshot by Brock McGinn.
9:29 of 3rd period - Stopped by Jeremy Swayman with a rebound.
9:58 of 3rd period - Artemi Panarin is hit by Josh Archibald and loses puck.
11:16 of 3rd period - Erik Johnson is hit by Josh Archibald and loses puck.
11:18 of 3rd period - Penalty to Derek Forbort is over, Clayton Keller is send on ice.
12:16 of 3rd period - Wrist shot by Sidney Crosby.
12:16 of 3rd period - Stopped by Chris Driedger with a rebound.
12:18 of 3rd period - Slapshot by Jake Bean.
12:18 of 3rd period - Shot Misses the Net.
12:30 of 3rd period - Dylan Coghlan is hit by Eric Robinson and loses puck.
12:37 of 3rd period - Slapshot by Logan O'Connor.
12:37 of 3rd period - Shot Blocked by Caleb Jones.
13:14 of 3rd period - Jakub Vrana is hit by Sonny Milano and loses puck.
13:52 of 3rd period - Eric Robinson is hit by Dylan Coghlan and loses puck.
14:06 of 3rd period - Minor Penalty to Brady Skjei for Roughing.
14:07 of 3rd period - Mikko Rantanen wins face-off versus Nicklas Backstrom in Wild zone.
14:18 of 3rd period - Penalty to Derek Forbort is over, Tomas Hertl is send on ice.
14:34 of 3rd period - Wrist shot by Alex Killorn.
14:34 of 3rd period - Stopped by Chris Driedger with a rebound.
14:36 of 3rd period - Slapshot by Alex Killorn.
14:36 of 3rd period - Stopped by Chris Driedger with a rebound.
14:38 of 3rd period - Slapshot by Jake Bean.
14:38 of 3rd period - Shot Misses the Net.
14:40 of 3rd period - Backhand shot by Tomas Hertl.
14:40 of 3rd period - Shot Blocked by Sonny Milano.
15:22 of 3rd period - Wrist shot by Brock McGinn.
15:22 of 3rd period - Stopped by Jeremy Swayman without a rebound.
15:23 of 3rd period - Sidney Crosby wins face-off versus Rasmus Kupari in Wild zone.
15:50 of 3rd period - Sidney Crosby is hit by Milan Lucic and loses puck.
16:06 of 3rd period - Penalty to Brady Skjei is over, Brady Skjei is back on ice.
16:12 of 3rd period - Icing by Moritz Seider.
16:13 of 3rd period - Tomas Hertl wins face-off versus Rasmus Asplund in Wild zone.
16:13 of 3rd period - Tomas Hertl is hit by Rasmus Asplund.
16:23 of 3rd period - Slapshot by Phillip Danault.
16:23 of 3rd period - Stopped by Chris Driedger without a rebound.
16:24 of 3rd period - Phillip Danault wins face-off versus Filip Zadina in Islanders zone.
16:29 of 3rd period - Wrist shot by Phillip Danault.
16:29 of 3rd period - Deflect By Logan O'Connor.
16:29 of 3rd period - Stopped by Chris Driedger with a rebound.
16:31 of 3rd period - Wrist shot by Phillip Danault.
16:31 of 3rd period - Goal by Phillip Danault - Islanders : 2 - Wild : 7.
16:32 of 3rd period - Sidney Crosby wins face-off versus Josh Bailey in neutral zone.
16:47 of 3rd period - Snap shot by Mikko Rantanen.
16:47 of 3rd period - Stopped by Chris Driedger with a rebound.
16:59 of 3rd period - Clayton Keller is hit by Milan Lucic and loses puck.
17:43 of 3rd period - Slapshot by Filip Zadina.
17:43 of 3rd period - Deflect By Rasmus Asplund.
17:43 of 3rd period - Shot Blocked by Moritz Seider.
17:43 of 3rd period - Puck is out of play.
17:44 of 3rd period - Rasmus Asplund wins face-off versus Nic Dowd in Wild zone.
17:51 of 3rd period - Snap shot by Filip Zadina.
17:51 of 3rd period - Deflect By Rasmus Asplund.
17:51 of 3rd period - Shot Misses the Net.
17:51 of 3rd period - Puck is out of play.
17:52 of 3rd period - Sidney Crosby wins face-off versus Josh Bailey in Wild zone.
18:05 of 3rd period - Wrist shot by Sonny Milano.
18:05 of 3rd period - Stopped by Jeremy Swayman without a rebound.
18:06 of 3rd period - Sidney Crosby wins face-off versus Josh Bailey in Wild zone.
18:08 of 3rd period - Minor Penalty to Moritz Seider for Holding.
18:09 of 3rd period - Mikko Rantanen wins face-off versus Nicklas Backstrom in Wild zone.
18:22 of 3rd period - Slapshot by Brock McGinn.
18:22 of 3rd period - Shot Blocked by Alex Killorn.
18:24 of 3rd period - Slapshot by Brock McGinn.
18:24 of 3rd period - Deflect By Alex Killorn.
18:24 of 3rd period - Goal by Brock McGinn - Islanders : 3 - Wild : 7.
18:25 of 3rd period - Josh Bailey wins face-off versus Sidney Crosby in neutral zone.
18:44 of 3rd period - Caleb Jones is hit by Erik Johnson and loses puck.
18:54 of 3rd period - Off-side.
18:55 of 3rd period - Tomas Hertl wins face-off versus Nicklas Backstrom in neutral zone.
Goals for this period are 1 for Islanders vs 2 for Wild.
Shots for this period are 10 for Islanders vs 12 for Wild.